 Dungeon Crawl Stone Soup version 0.17.1-1-g73c8601 (console) character file.

7347 Kloppie the Cleaver (level 10, -8/102 HPs)
             Began as a Deep Dwarf Fighter on Dec 21, 2015.
             Was a Priest of Makhleb.
             Mangled by a komodo dragon (17 damage)
             ... on level 1 of the Lair of Beasts.
             The game lasted 00:20:42 (8468 turns).

Kloppie the Cleaver (Deep Dwarf Fighter)            Turns: 8468, Time: 00:20:42

Health: -8/102     AC: 22    Str: 20    XL:     10   Next: 91%
Magic:  8/8        EV:  4    Int:  9    God:    Makhleb [***...]
Gold:   617        SH:  9    Dex: 15    Spells: 0 memorised, 9 levels left

rFire  . . .     SeeInvis .     a - +0 war axe
rCold  . . .     Clarity  .     y - +0 plate armour
rNeg   . . .     SustAt   .     c - +0 shield
rPois  .         Gourm    .     j - +2 helmet
rElec  .         Spirit   .     v - +0 cloak
rCorr  .         Warding  .     h - +1 pair of gloves
rMut   .         Stasis   .     z - +0 pair of boots (curse)
MR     +....                    (no amulet)
Stlth  ..........               u - +1 ring of protection
                                x - ring of stealth

@: non-regenerating, somewhat resistant to hostile enchantments, extremely
unstealthy
A: damage resistance, recharge devices, sense surroundings 2, slow regeneration
3
a: Device Recharging, Minor Destruction, Lesser Servant of Makhleb, Renounce
Religion


You were on level 1 of the Lair of Beasts.
You worshipped Makhleb.
Makhleb was most pleased with you.
You were not hungry.

You visited 3 branches of the dungeon, and saw 11 of its levels.

You collected 617 gold pieces.

Inventory:

Hand Weapons
 a - a +0 war axe (weapon)
 b - a +0 flail
Armour
 c - a +0 shield (worn)
 h - a +1 pair of gloves (worn)
 j - a +2 helmet (worn)
 r - a +0 scale mail
 v - a +0 cloak (worn)
 y - a +0 plate armour (worn)
 z - a cursed +0 pair of boots (worn)
Jewellery
 t - an uncursed ring of magical power
 u - a +1 ring of protection (right hand)
 x - a ring of stealth (left hand)
Wands
 e - a wand of heal wounds (3)
 p - a wand of teleportation (5)
Scrolls
 i - 3 scrolls of teleportation
 m - 3 scrolls of remove curse
 A - 3 scrolls of enchant armour
Potions
 k - a potion of cure mutation
 o - a potion of lignification
 w - 2 potions of brilliance
 B - a potion of heal wounds
 C - 2 potions of haste {unknown}
Books
 s - a book of Battle

   Spells                             Type                      Level
   a - Infusion                       Charms                       1
   b - Shroud of Golubria             Charms/Translocation         2
   c - Song of Slaying                Charms                       2
   d - Spectral Weapon                Hexes/Charms                 3
   e - Regeneration                   Charms/Necromancy            3
Comestibles
 d - 3 chunks of flesh
 f - 10 bread rations
 g - 7 fruits
 l - 4 royal jellies
 n - 2 beef jerkies
 q - 4 meat rations


   Skills:
 - Level 10.1 Fighting
 + Level 12.7 Axes
 + Level 7.0 Armour
 - Level 3.2 Shields


You had 9 spell levels left.
You didn't know any spells.

Dungeon Overview and Level Annotations

Branches:
Dungeon (9/15)             Temple (1/1) D:6            Lair (1/8) D:9
    Orc: D:9-12

Altars:
Ashenzari
Cheibriados
Dithmenos
Elyvilon
Fedhas
Gozag
Kikubaaqudgha
Makhleb
Nemelex Xobeh
Okawaru
Qazlal
Ru
Sif Muna
Trog
Vehumet
Xom
Yredelemnul
Zin
The Shining One

Annotations:
D:9 Zex's ghost, novice GrEE


Innate Abilities, Weirdness & Mutations

You are resistant to damage.
You can recharge devices by infusing magical energy.
You passively map the area around you.
You do not regenerate naturally.


Message History

You finish putting on your cursed +0 pair of boots.
Oops, that feels deathly cold.
Some of the chunks of flesh in your inventory have rotted away.
Some of the chunks of flesh in your inventory have rotted away.
A komodo dragon comes into view.
The komodo dragon hisses angrily.
The komodo dragon bites you!
* * * LOW HITPOINT WARNING * * *
You slash the komodo dragon!
The komodo dragon is moderately wounded.
The komodo dragon bites you!
* * * LOW HITPOINT WARNING * * *
You hit the komodo dragon.
The komodo dragon is moderately wounded.
The komodo dragon bites you!!
* * * LOW HITPOINT WARNING * * *
Your shield prevents you from hitting the komodo dragon.
The komodo dragon is moderately wounded.
The komodo dragon bites you!!
You die...

#####.+##### ###..#
#.....# *..* #.##
####.P# ,.## #.# #...
,* #.# ##.# *,+ , #.#
##'# ** , ##.###
##... , , , #....#
#.... + , ##....###
###... , ,
***#@....#.#####.'...
, #l#....'.......#...
, **
...+....##P..#.##...
*, *
#..##.....#########.+
* * ###*##+#.## ##..
#..## #..# * ##..#
##'## ######+##
###.## ##....
#.......# #....#
#.....


You could see a komodo dragon.

Vanquished Creatures
  The ghost of Arkorax the Fighter, a novice CeGl of Dithmenos (D:8)
  A black mamba (Lair:1)
  Grinder (D:4)
  The ghost of antares the Magician, an amateur DEWz of Nemelex Xobeh (D:5)
  Sigmund (D:2)
  6 yaks (Lair:1)
  A spriggan (D:9)
  2 basilisks (Lair:1)
  A wyvern (D:8)
  The ghost of Rationalist the Skirmisher, an amateur DsBe of Trog (D:4)
  Menkaure (D:4)
  3 hippogriffs
  An ice beast (D:5)
  A water moccasin (D:5)
  6 wolves (Lair:1)
  2 orc warriors
  2 porcupines (Lair:1)
  A black bear (D:5)
  2 necrophages
  3 ogres
  A crocodile (Lair:1)
  4 centaurs
  3 giant frogs
  A scorpion (D:7)
  A wyvern skeleton (D:7)
  5 killer bees (D:7)
  3 wights (D:8)
  3 orc priests
  2 giant frog skeletons
  2 jellies
  Crazy Yiuf (D:6)
  3 giant frog zombies
  A hound (D:4)
  2 orc wizards
  Natasha (thrice) (D:4)
  7 worker ants
  4 iguanas
  2 hound skeletons
  Robin (D:3)
  4 gnolls (D:7)
  5 river rats (Lair:1)
  2 shadow imps
  10 adders
  An ooze (D:1)
  An adder zombie (D:5)
  2 worms (D:3)
  6 giant geckos
  24 orcs
  6 giant cockroaches
  15 goblins
  10 hobgoblins
  10 jackals
  2 quokkas
  2 ball pythons
  9 bats
  2 giant newts
  9 kobolds
  13 rats
  A spectral orc (D:5)
221 creatures vanquished.

Vanquished Creatures (others)
  2 fungi (Lair:1)
2 creatures vanquished.

Grand Total: 223 creatures vanquished

Notes
Turn   | Place    | Note
--------------------------------------------------------------
     0 | D:1      | Kloppie the Deep Dwarf Fighter began the quest for the Orb.
     0 | D:1      | Reached XP level 1. HP: 20/20 MP: 1/1
   269 | D:1      | Reached XP level 2. HP: 27/27 MP: 2/2
   801 | D:2      | Reached XP level 3. HP: 31/34 MP: 3/3
   915 | D:2      | Found an iron altar of Okawaru.
  1050 | D:2      | Noticed Sigmund
  1063 | D:2      | Killed Sigmund
  1063 | D:2      | Reached skill level 4 in Fighting
  1063 | D:2      | Reached XP level 4. HP: 20/45 MP: 4/4
  1063 | D:2      | Reached XP level 5. HP: 22/51 MP: 5/5
  1730 | D:3      | Reached skill level 5 in Axes
  1730 | D:3      | Reached XP level 6. HP: 47/60 MP: 6/6
  1823 | D:3      | Noticed Robin
  1836 | D:3      | Killed Robin
  1836 | D:3      | Reached skill level 5 in Fighting
  1984 | D:3      | Found a sparkling altar of Nemelex Xobeh.
  2037 | D:3      | Found an opulent altar of Gozag.
  2361 | D:4      | Noticed Natasha
  2369 | D:4      | Killed Natasha
  2435 | D:4      | Noticed Rationalist's ghost (amateur DsBe)
  2444 | D:4      | Killed Rationalist's ghost
  2452 | D:4      | Noticed Natasha
  2454 | D:4      | Killed Natasha
  2493 | D:4      | Reached skill level 6 in Axes
  2493 | D:4      | Reached XP level 7. HP: 29/67 MP: 7/7
  2539 | D:4      | Noticed Grinder
  2565 | D:5      | Entered Level 5 of the Dungeon
  2570 | D:5      | Noticed antares's ghost (amateur DEWz)
  2670 | D:6      | Found a blossoming altar of Fedhas.
  2708 | D:6      | Found a staircase to the Ecumenical Temple.
  2714 | Temple   | Entered the Ecumenical Temple
  2811 | D:6      | Found a radiant altar of Vehumet.
  2846 | D:6      | Found a shadowy altar of Dithmenos.
  2883 | D:6      | Noticed Crazy Yiuf
  2893 | D:6      | Killed Crazy Yiuf
  3246 | D:6      | Noticed a fire elemental
  3248 | D:6      | Found a stormy altar of Qazlal.
  3249 | D:6      | Noticed an air elemental
  3249 | D:6      | Noticed a water elemental
  3341 | D:6      | Got a bloodstained cloak
  3349 | D:6      | Identified the +0 cloak of the Snake Pit {*Confuse Dex+5} (You found it on level 6 of the Dungeon)
  3534 | D:7      | Reached skill level 7 in Axes
  3604 | D:7      | Reached XP level 8. HP: 34/78 MP: 7/7
  3800 | D:7      | Reached skill level 8 in Axes
  3854 | D:7      | Found a burning altar of Makhleb.
  3856 | D:7      | Noticed a blizzard demon
  3859 | D:7      | Found a glowing silver altar of Zin.
  3859 | D:7      | Noticed an angel
  3862 | D:7      | Became a worshipper of Makhleb the Destroyer
  4555 | D:8      | Noticed Arkorax's ghost (novice CeGl)
  4575 | D:8      | Killed Arkorax's ghost
  4575 | D:8      | Reached * piety under Makhleb
  4575 | D:8      | Reached skill level 9 in Axes
  4575 | D:8      | Gained mutation: You passively map the area around you. [Deep Dwarf growth]
  4575 | D:8      | Reached XP level 9. HP: 41/90 MP: 8/8
  4625 | D:8      | Found a shattered altar of Ashenzari.
  4832 | D:8      | Found an iron altar of Okawaru.
  5103 | D:8      | Reached skill level 10 in Axes
  5760 | D:9      | Found a staircase to the Lair.
  6089 | D:9      | Reached ** piety under Makhleb
  6196 | D:9      | Noticed Zex's ghost (novice GrEE)
  6303 | D:5      | Killed antares's ghost
  6303 | D:5      | Reached skill level 11 in Axes
  6669 | D:5      | Found a white marble altar of Elyvilon.
  6688 | D:5      | Reached XP level 10. HP: 82/102 MP: 8/8
  6741 | D:5      | Found a basalt altar of Yredelemnul.
  7026 | D:4      | Noticed Menkaure
  7028 | D:4      | Killed Menkaure
  7028 | D:4      | Reached skill level 10 in Fighting
  7097 | D:4      | Noticed Natasha
  7101 | D:4      | Killed Natasha
  7347 | D:4      | Killed Grinder
  7670 | Lair:1   | Entered Level 1 of the Lair of Beasts
  7909 | Lair:1   | Reached *** piety under Makhleb
  7917 | Lair:1   | Noticed a black mamba
  7928 | Lair:1   | Killed a black mamba
  7928 | Lair:1   | Reached skill level 12 in Axes
  7928 | Lair:1   | Reached skill level 5 in Armour
  8468 | Lair:1   | Mangled by a komodo dragon

Action                   |  1- 3 |  4- 6 |  7- 9 | 10-12 || total
-------------------------+-------+-------+-------+-------++-------
Melee: War axe           |   101 |   161 |   501 |   257 ||  1020
 Abil: Device Recharging |       |       |     2 |       ||     2
Evoke: Wand              |       |     2 |    10 |       ||    12
  Use: Potion            |     1 |     1 |       |       ||     2
       Scroll            |       |     4 |     4 |     6 ||    14
  Eat: Chunk             |     1 |     5 |     9 |     7 ||    22
       Bread ration      |       |       |     1 |       ||     1
